PA
MANCELONA TORCH @ GRIM REAPERS
08/28/2022
 
TOP OF THE 1ST
Mancelona Torch batting - Pitching for Grim Reapers : RHP José Morales
Pitching: RHP José Morales
Batting: RHB Jim Unknown 0-0: Bunt for hit - play at first, batter safe!
Batting: RHB Raúl Ruíz 0-0: Called Strike
0-1: Ball
1-1: Grounds into double play, 1-6-3 (Groundball, 15)
Batting: RHB Juan Carlos Cruz 0-0: Ball
1-0: Ball
2-0: Fly out, F8 (Flyball, 8RM)
Top of the 1st over - 0 run(s), 1 hit(s), 0 error(s), 0 left on base; Mancelona 0 - Grim 0
BOTTOM OF THE 1ST
Grim Reapers batting - Pitching for Mancelona Torch : RHP Jim Unknown
Pitching: RHP Jim Unknown
Batting: RHB Alberto Rodríguez 0-0: Called Strike
0-1: Ball
1-1: DOUBLE (Line Drive, 8LM)
Batting: RHB Bill Allen 0-0: Called Strike
0-1: Ground out 4-3 (Groundball, 4)
Alberto Rodríguez to third
Batting: RHB Vincent Klein 0-0: Called Strike
0-1: Fly out, F9 (Flyball, 89S)
Runner from 3rd tags up, SCORES, throw made
Batting: LHB Davis Anderson 0-0: Ground out 6-3 (Groundball, 6M)
Bottom of the 1st over - 1 run(s), 1 hit(s), 0 error(s), 0 left on base; Mancelona 0 - Grim 1
TOP OF THE 2ND
Mancelona Torch batting - Pitching for Grim Reapers : RHP José Morales
Batting: RHB Freddy Carea 0-0: Foul Ball, location: 2F
0-1: Swinging Strike
0-2: Ball
1-2: Ball
2-2: Strikes out swinging
Batting: RHB Juan Báez 0-0: Called Strike
0-1: Ground out 6-3 (Groundball, 6M)
Batting: RHB Henry Lambright 0-0: Called Strike
0-1: Called Strike
0-2: Ball
1-2: Ball
2-2: Strikes out swinging
Top of the 2nd over - 0 run(s), 0 hit(s), 0 error(s), 0 left on base; Mancelona 0 - Grim 1
BOTTOM OF THE 2ND
Grim Reapers batting - Pitching for Mancelona Torch : RHP Jim Unknown
Batting: RHB Jorge López 0-0: Ball
1-0: Ball
2-0: Called Strike
2-1: Foul Ball, location: 2F
2-2: Foul Ball, location: 2F
2-2: Ground out 4-3 (Groundball, 4M)
Batting: RHB António Díaz 0-0: Called Strike
0-1: Ball
1-1: Ball
2-1: Ball
3-1: Ground out 6-3 (Groundball, 6)
Batting: LHB Alberto Arredondo 0-0: Called Strike
0-1: Ball
1-1: SINGLE (Line Drive, 34D)
Batting: RHB Arnold Meurs 0-0: Ball
1-0: Fielders Choice at 2nd, U6 (Groundball, 6M)
Bottom of the 2nd over - 0 run(s), 1 hit(s), 0 error(s), 1 left on base; Mancelona 0 - Grim 1
TOP OF THE 3RD
Mancelona Torch batting - Pitching for Grim Reapers : RHP José Morales
Batting: LHB José Hernández 0-0: Ground out U3 (Groundball, 3)
Batting: RHB Bert Cook 0-0: Called Strike
0-1: Foul Ball, location: 2F
0-2: Foul Ball, location: 2F
0-2: Ball
1-2: Fly out, F3 (Popup, 3S)
Batting: RHB Jim Unknown 0-0: Ball
1-0: Foul Ball, location: 2F
1-1: Ball
2-1: Foul Ball, location: 2F
2-2: Strikes out swinging
Top of the 3rd over - 0 run(s), 0 hit(s), 0 error(s), 0 left on base; Mancelona 0 - Grim 1
BOTTOM OF THE 3RD
Grim Reapers batting - Pitching for Mancelona Torch : RHP Jim Unknown
Batting: LHB Edgardo Díaz 0-0: Ball
1-0: Foul Ball, location: 2F
1-1: Swinging Strike
1-2: Foul Ball, location: 2F
1-2: Foul Ball, location: 2F
1-2: Ball
2-2: Strikes out swinging
Batting: RHB Alberto Rodríguez 0-0: Ground out 6-3 (Groundball, 6)
Batting: RHB Bill Allen 0-0: Called Strike
0-1: SINGLE (Groundball, 56D)
Batting: RHB Vincent Klein 0-0: Ball
1-0: Swinging Strike
1-1: Ball
2-1: Fielders Choice at 2nd, 6-4 (Groundball, 6)
Bottom of the 3rd over - 0 run(s), 1 hit(s), 0 error(s), 0 left on base; Mancelona 0 - Grim 1
TOP OF THE 4TH
Mancelona Torch batting - Pitching for Grim Reapers : RHP José Morales
Batting: RHB Jim Unknown 0-0: Ball
1-0: Swinging Strike
1-1: Ground out 1-3 (Groundball, 15)
Batting: RHB Raúl Ruíz 0-0: Ball
1-0: Ball
2-0: Ball
3-0: Called Strike
3-1: Ground out 6-3 (Groundball, 6)
Batting: RHB Juan Carlos Cruz 0-0: SINGLE (Line Drive, 6MD)
Batting: RHB Freddy Carea 0-0: Called Strike
0-1: Foul Ball, location: 2F
0-2: Ball
1-2: Foul Ball, location: 2F
1-2: Ball
2-2: Foul Ball, location: 2F
2-2: Ball
3-2: Foul Ball, location: 2F
3-2: Foul Ball, location: 2F
3-2: Fly out, F9 (Flyball, 9M)
Top of the 4th over - 0 run(s), 1 hit(s), 0 error(s), 1 left on base; Mancelona 0 - Grim 1
BOTTOM OF THE 4TH
Grim Reapers batting - Pitching for Mancelona Torch : RHP Jim Unknown
Batting: LHB Davis Anderson 0-0: Foul Ball, location: 2F
0-1: Ball
1-1: Ball
2-1: Ball
3-1: Foul Ball, location: 2F
3-2: Strikes out swinging
Batting: RHB Jorge López 0-0: Ball
1-0: Ball
2-0: Foul Ball, location: 2F
2-1: SINGLE (Line Drive, 89S)
Batting: RHB António Díaz 0-0: Ball
1-0: Ball
2-0: Foul Ball, location: 2F
2-1: Grounds into double play, 6-4-3 (Groundball, 6)
Bottom of the 4th over - 0 run(s), 1 hit(s), 0 error(s), 0 left on base; Mancelona 0 - Grim 1
TOP OF THE 5TH
Mancelona Torch batting - Pitching for Grim Reapers : RHP José Morales
Batting: RHB Juan Báez 0-0: Ball
1-0: Fly out, F3 (Popup, 3SF)
Batting: RHB Henry Lambright 0-0: Ball
1-0: SINGLE (Groundball, 56D)
Batting: LHB José Hernández 0-0: Ball
1-0: Ball
2-0: Ball
3-0: Base on Balls
Henry Lambright to second
Batting: RHB Bert Cook 0-0: Swinging Strike
0-1: Ball
1-1: Foul Ball, location: 2F
1-2: Ball
2-2: Foul Ball, location: 2F
2-2: Foul Ball, location: 2F
2-2: Ball
3-2: Base on Balls
Henry Lambright to third
José Hernández to second
Batting: RHB Jim Unknown 0-0: Ball
1-0: SINGLE (Groundball, 34D)
Henry Lambright scores
José Hernández to third
Bert Cook to second
Runner from 3rd tries for Home, SAFE, no throw or cutoff
Batting: RHB Jim Unknown 0-0: Ball
1-0: SINGLE (Line Drive, 6MD)
Bert Cook to third
Jim Unknown to second
Batting: RHB Raúl Ruíz 0-0: Called Strike
0-1: Ball
Wild Pitch!
Bert Cook scores
Jim Unknown to third
Jim Unknown to second
1-1: Intentional Walk
Batting: RHB Juan Carlos Cruz 0-0: Foul Ball, location: 2F
0-1: SINGLE (Line Drive, 34)
Jim Unknown scores
Jim Unknown to third
Raúl Ruíz to second
Runner from 3rd tries for Home, SAFE, throw made home
Batting: RHB Freddy Carea 0-0: Called Strike
0-1: DOUBLE (Groundball, 5L)
Raúl Ruíz scores
Juan Carlos Cruz to third
Pitching: RHP Christian Harris
Batting: RHB Juan Báez 0-0: Called Strike
0-1: Ball
1-1: Foul Ball, location: 2F
1-2: Foul Ball, location: 2F
1-2: Foul Ball, location: 2F
1-2: Fly out, F5 (Line Drive, 56)
Batting: RHB Henry Lambright 0-0: Called Strike
0-1: Called Strike
0-2: Strikes out swinging
Top of the 5th over - 6 run(s), 5 hit(s), 0 error(s), 2 left on base; Mancelona 6 - Grim 1
BOTTOM OF THE 5TH
Grim Reapers batting - Pitching for Mancelona Torch : RHP Jim Unknown
Batting: LHB Alberto Arredondo 0-0: SINGLE (Line Drive, 4MD)
Batting: RHB Arnold Meurs 0-0: Ball
Alberto Arredondo steals 2nd base
1-0: Foul Ball, location: 2F
1-1: Ground out 1-3 (Groundball, 15S)
Batting: LHB Edgardo Díaz 0-0: Called Strike
0-1: Ball
1-1: Ball
2-1: Ball
3-1: Swinging Strike
3-2: Strikes out looking
Batting: RHB Alberto Rodríguez 0-0: Ball
1-0: Called Strike
1-1: Fly out, F3 (Popup, 3SF)
Bottom of the 5th over - 0 run(s), 1 hit(s), 0 error(s), 1 left on base; Mancelona 6 - Grim 1
TOP OF THE 6TH
Mancelona Torch batting - Pitching for Grim Reapers : RHP Christian Harris
Batting: LHB José Hernández 0-0: SINGLE (Flyball, 8LS)
Batting: RHB Bert Cook 0-0: Bunt missed!
0-1: Sac Bunt - play at first, batter OUT! 1-4
José Hernández to second
Batting: RHB Jim Unknown 0-0: Foul Ball, location: 2F
0-1: Ball
1-1: Ball
2-1: Ball
3-1: Foul Ball, location: 2F
3-2: Base on Balls
Batting: RHB Jim Unknown 0-0: Foul Ball, location: 2F
0-1: Ball
1-1: Called Strike
Balk!
José Hernández to third
Jim Unknown to second
1-2: Strikes out looking
Batting: RHB Raúl Ruíz 0-0: Called Strike
0-1: Foul Ball, location: 2F
0-2: Foul Ball, location: 2F
0-2: Ball
Wild Pitch!
José Hernández scores
Jim Unknown to third
1-2: Ground out 6-3 (Groundball, 56)
Top of the 6th over - 1 run(s), 1 hit(s), 0 error(s), 1 left on base; Mancelona 7 - Grim 1
BOTTOM OF THE 6TH
Grim Reapers batting - Pitching for Mancelona Torch : RHP Jim Unknown
Batting: RHB Bill Allen 0-0: Foul Ball, location: 2F
0-1: Fly out, F9 (Flyball, 9M)
Batting: RHB Vincent Klein 0-0: Fly out, F8 (Flyball, 8RM)
Batting: LHB Davis Anderson 0-0: Ball
1-0: Ball
2-0: Ball
3-0: Called Strike
3-1: Base on Balls
Batting: RHB Jorge López 0-0: Called Strike
Throwing error on steal attempt, E2
Davis Anderson to third
0-1: Ball
1-1: Swinging Strike
1-2: Ball
2-2: SINGLE (Groundball, 56D)
Davis Anderson scores
Batting: RHB António Díaz 0-0: Called Strike
Jorge López is caught stealing 2nd base
Bottom of the 6th over - 1 run(s), 1 hit(s), 1 error(s), 0 left on base; Mancelona 7 - Grim 2
TOP OF THE 7TH
Mancelona Torch batting - Pitching for Grim Reapers : RHP Christian Harris
Batting: RHB Juan Carlos Cruz 0-0: Foul Ball, location: 2F
0-1: Swinging Strike
0-2: Strikes out swinging
Batting: RHB Freddy Carea 0-0: Swinging Strike
0-1: Swinging Strike
0-2: Strikes out looking
Batting: RHB Juan Báez 0-0: Foul Ball, location: 2F
0-1: Foul Ball, location: 2F
0-2: Strikes out swinging
Top of the 7th over - 0 run(s), 0 hit(s), 0 error(s), 0 left on base; Mancelona 7 - Grim 2
BOTTOM OF THE 7TH
Grim Reapers batting - Pitching for Mancelona Torch : RHP Jim Unknown
Batting: RHB António Díaz 0-0: Called Strike
0-1: Swinging Strike
0-2: Fly out, F7 (Flyball, 7LM)
Batting: LHB Alberto Arredondo 0-0: Swinging Strike
0-1: Ball
1-1: Ball
2-1: Foul Ball, location: 2F
2-2: Ball
3-2: Foul Ball, location: 2F
3-2: Foul Ball, location: 2F
3-2: Fly out, F7 (Flyball, 7M)
Batting: RHB Arnold Meurs 0-0: Fly out, F8 (Flyball, 8LM)
Bottom of the 7th over - 0 run(s), 0 hit(s), 0 error(s), 0 left on base; Mancelona 7 - Grim 2
TOP OF THE 8TH
Mancelona Torch batting - Pitching for Grim Reapers : RHP Christian Harris
Batting: RHB Henry Lambright 0-0: Ball
1-0: Foul Ball, location: 2F
1-1: Ball
2-1: Called Strike
2-2: Foul Ball, location: 2F
2-2: SINGLE (Flyball, 6MD)
Batting: LHB José Hernández 0-0: Bunt missed!
0-1: Sac Bunt - play at first, batter OUT! 1-4
Henry Lambright to second
Batting: RHB Bert Cook 0-0: Ball
1-0: Ball
2-0: Swinging Strike
2-1: Swinging Strike
2-2: Foul Ball, location: 2F
2-2: Ball
3-2: Strikes out swinging
Batting: RHB Jim Unknown 0-0: Ball
1-0: Ball
2-0: Ball
3-0: Base on Balls
Batting: RHB Jim Unknown 0-0: Ball
1-0: DOUBLE (Line Drive, 89M)
Henry Lambright scores
Jim Unknown to third
Batting: RHB Raúl Ruíz 0-0: Swinging Strike
0-1: Ball
1-1: SINGLE (Groundball, 6MD)
Jim Unknown scores
Jim Unknown to third
Runner from 3rd tries for Home, SAFE, throw made home
Raúl Ruíz to second
Pitching: RHP Roberto Rodríguez
Batting: RHB Juan Carlos Cruz 0-0: Called Strike
0-1: Foul Ball, location: 2F
0-2: Strikes out swinging
Top of the 8th over - 3 run(s), 3 hit(s), 0 error(s), 1 left on base; Mancelona 10 - Grim 2
BOTTOM OF THE 8TH
Grim Reapers batting - Pitching for Mancelona Torch : RHP Jim Unknown
Batting: LHB Edgardo Díaz 0-0: DOUBLE (Line Drive, 7M)
Batting: RHB Alberto Rodríguez 0-0: Ball
1-0: Fly out, F9 (Flyball, 9LMF)
Batting: RHB Bill Allen 0-0: Called Strike
0-1: Reached on error, E4 (Groundball, 4)
Edgardo Díaz to third
Batting: RHB Vincent Klein 0-0: Ball
1-0: Called Strike
1-1: Ball
2-1: Ball
3-1: Base on Balls
Bill Allen to second
Batting: LHB Davis Anderson 0-0: Ball
Passed Ball!
Edgardo Díaz scores
Bill Allen to third
Vincent Klein to second
1-0: Called Strike
1-1: Ball
2-1: DOUBLE (Flyball, 89M)
Bill Allen scores
Vincent Klein scores
Batting: RHB Jorge López 0-0: Ground out 6-3 (Groundball, 56)
Batting: RHB António Díaz 0-0: Called Strike
0-1: Ball
1-1: Ball
2-1: SINGLE (Groundball, 3S) (infield hit)
Davis Anderson to third
Pitching: LHP Jim Unknown
Batting: LHB Alberto Arredondo 0-0: Ball
1-0: Ball
2-0: Called Strike
2-1: Ball
3-1: Base on Balls
António Díaz to second
Batting: RHB Arnold Meurs 0-0: Ball
1-0: Swinging Strike
1-1: Ball
2-1: Swinging Strike
2-2: Ball
3-2: Foul Ball, location: 2F
3-2: Foul Ball, location: 2F
3-2: Foul Ball, location: 2F
3-2: Foul Ball, location: 2F
3-2: Strikes out swinging
Bottom of the 8th over - 3 run(s), 3 hit(s), 1 error(s), 3 left on base; Mancelona 10 - Grim 5
TOP OF THE 9TH
Mancelona Torch batting - Pitching for Grim Reapers : RHP Roberto Rodríguez
Pitching: RHP Mike Desmond
Batting: RHB Freddy Carea 0-0: Foul Ball, location: 2F
0-1: Ground out 6-3 (Groundball, 6M)
Batting: RHB Juan Báez 0-0: Called Strike
0-1: Swinging Strike
0-2: Ball
1-2: Foul Ball, location: 2F
1-2: Strikes out swinging
Batting: RHB Henry Lambright 0-0: Foul Ball, location: 2F
0-1: Foul Ball, location: 2F
0-2: Ball
1-2: Ball
2-2: Strikes out looking
Top of the 9th over - 0 run(s), 0 hit(s), 0 error(s), 0 left on base; Mancelona 10 - Grim 5
BOTTOM OF THE 9TH
Grim Reapers batting - Pitching for Mancelona Torch : LHP Jim Unknown
Pitching: RHP Jim Unknown
Batting: LHB Edgardo Díaz 0-0: Called Strike
0-1: Ball
1-1: Foul Ball, location: 2F
1-2: Ball
2-2: Strikes out looking
Batting: RHB Alberto Rodríguez 0-0: SINGLE (Line Drive, 6D)
Batting: RHB Bill Allen 0-0: Ball
1-0: Called Strike
1-1: Ball
2-1: Swinging Strike
2-2: Foul Ball, location: 2F
2-2: SINGLE (Groundball, 4MD)
Alberto Rodríguez to second
Batting: RHB Vincent Klein 0-0: Ball
1-0: Called Strike
1-1: Fly out, F9 (Flyball, 9D)
Runner from 2nd tags up, SAFE at 3rd, no throw
Batting: LHB Davis Anderson 0-0: Ball
1-0: Swinging Strike
1-1: Swinging Strike
1-2: Ball
2-2: Strikes out swinging
Bottom of the 9th over - 0 run(s), 2 hit(s), 0 error(s), 2 left on base; Mancelona 10 - Grim 5
This league is powered by Out of the Park Baseball, the baseball management simulation game for PC, Mac and Linux
Friday, April 15th, 2016 - OOTP Baseball 16.9 Build 39